Map: Prion Terraces

Players

Devo

  • Race: Zerg Zerg
  • League: Master

Jonic - Winner!

  • Race: Protoss Protoss
  • League: Master

VOD

Have the link to the VOD?

Description

Time

  • Played on: Nov. 29, 2015, 10:22 a.m.
  • Length: 11:40
Show
View Real Time Build Order
Export as new Build Order

Devo Zerg 

Build Orders: Pool First 

Get SALT Encoding   

  12  0:01  Drone  
  13  0:10  Drone  
  14  0:15  Extractor  
  14  0:17  Drone  
  14  0:34  Spawning Pool  
  13  0:37  Drone  
  14  0:45  Overlord  
  14  0:51  Extractor  
  14  0:52  Drone  
  15  1:20  Metabolic Boost  
  15  1:21  Zergling x6  
  18  1:26  Queen  
  18  1:32  Zergling x2  
  21  1:48  Zergling x2  
  22  1:58  Overlord  
  22  2:07  Hatchery  
  21  2:10  Zergling x2  
  22  2:19  Drone  
  23  2:28  Drone  
  24  2:36  Evolution Chamber  
  23  2:39  Drone x3  
  26  3:08  Zergling x6  
  26  3:10  Hatchery  
  28  3:33  Zergling x2  
  28  3:34  Zergling x8  
  32  3:35  Queen  
  32  4:04  Drone x3  
  32  4:06  Overlord x2  
  35  4:26  Zerg Melee Weapons Level 1  
  35  4:28  Evolution Chamber  
  35  4:30  Queen  
  37  4:31  Drone x3  
  38  4:51  Drone  
  38  4:52  Drone x6  
  37  5:02  Drone x2  
  37  5:03  Drone x2  
  39  5:11  Zerg Ground Armor Level 1  
  39  5:16  Zergling x8  
  39  5:17  Zergling x2  
  39  5:18  Zergling x2  
  39  5:20  Zergling x2  
  46  5:29  Drone x5  
  46  5:33  Zergling x2  
  53  5:35  Zergling x4  
  53  5:42  Hatchery  
  53  5:44  Zergling x4  
  55  5:54  Drone x3  
  55  5:56  Overlord x2  
  57  6:05  Overlord x3  
  57  6:09  Pneumatized Carapace  
  57  6:17  Zergling x16  
  61  6:25  Drone  
  61  6:26  Drone x5  
  61  6:31  Drone x4  
  70  6:34  Lair  
  70  6:48  Drone x3  
  70  6:49  Drone  
  67  6:57  Drone x6  
  72  7:13  Zergling x14  
  76  7:17  Extractor  
  76  7:18  Extractor  
  76  7:21  Zergling x10  
  76  7:22  Zergling x2  
  80  7:24  Hatchery  
  79  7:33  Spore Crawler, Queen x2  
  79  7:34  Queen x2  
  86  7:38  Zerg Melee Weapons Level 2  
  80  7:49  Drone x2  
  80  7:50  Drone x4, Extractor  
  86  7:51  Zergling x18  
  86  7:52  Zergling x4  
  96  8:07  Zergling x10  
  96  8:08  Overlord  
  101  8:19  Extractor  
  100  8:20  Extractor  
  100  8:24  Zergling x12  
  95  8:32  Drone x3  
  96  8:36  Zergling x2  
  96  8:37  Zergling x4  
  96  8:40  Zerg Ground Armor Level 2  
  99  8:42  Queen x4  
  99  8:43  Queen  
  99  8:44  Drone  
  99  8:45  Drone, Infestation Pit  
  99  8:47  Drone x2  
  106  8:57  Drone x7  
  92  9:05  Zergling x10  
  93  9:11  Drone  
  93  9:12  Drone x3  
  92  9:26  Drone x3  
  93  9:33  Spore Crawler  
  93  9:38  Hive  
  92  9:40  Zergling x24  
  92  9:41  Zergling x2  
  92  9:42  Zergling x2  
  104  10:01  Zergling x12  
  104  10:04  Queen x2  
  104  10:05  Queen x2  
  118  10:07  Overlord x3  
  118  10:24  Spore Crawler, Zergling x2  
  118  10:25  Zergling x4  
  118  10:26  Overlord x7  
  120  10:49  Zergling x26  
  131  10:58  Zergling x6  
  133  11:07  Zergling x8  
  116  11:19  Zergling x2  
  116  11:20  Zergling x30  
Show
View Real Time Build Order
Export as new Build Order

Jonic Protoss - Winner!

Build Orders:  

Get SALT Encoding   

  12  0:01  Probe (Chrono Boost)  
  13  0:11  Probe (Chrono Boost)  
  14  0:20  Pylon  
  14  0:22  Probe (Chrono Boost)  
  15  0:38  Probe (Chrono Boost)  
  16  0:48  Probe (Chrono Boost)  
  17  1:05  Probe (Chrono Boost), Forge  
  17  1:09  Gateway  
  17  1:10  Pylon  
  18  1:16  Probe (Chrono Boost)  
  18  1:17  Assimilator  
  19  1:19  Assimilator  
  19  1:26  Probe (Chrono Boost)  
  20  1:37  Probe (Chrono Boost)  
  20  1:38  Pylon  
  21  1:43  Photon Cannon  
  21  1:49  Pylon  
  21  1:51  Probe (Chrono Boost)  
  22  2:04  Cybernetics Core  
  22  2:06  Probe (Chrono Boost)  
  22  2:16  Probe (Chrono Boost)  
  22  2:17  Photon Cannon  
  23  2:41  Mothership Core (Chrono Boost)  
  23  2:42  Warp Gate  
  27  2:51  Sentry (Chrono Boost)  
  27  2:57  Nexus  
  27  3:01  Probe  
  28  3:13  Probe  
  28  3:15  Sentry (Chrono Boost)  
  31  3:22  Pylon  
  31  3:25  Probe  
  32  3:32  Robotics Facility  
  32  3:37  Probe  
  32  3:39  Sentry (Chrono Boost)  
  35  3:49  Probe  
  35  3:52  Assimilator  
  36  4:01  Probe  
  36  4:09  Probe (Chrono Boost)  
  37  4:13  Probe (Chrono Boost)  
  38  4:20  Probe (Chrono Boost)  
  39  4:24  Probe (Chrono Boost)  
  39  4:26  Robotics Bay  
  39  4:31  Probe (Chrono Boost)  
  41  4:32  Warp Prism (Chrono Boost)  
  41  4:33  Probe  
  44  4:42  Probe  
  44  4:44  Probe  
  46  4:54  Probe, Pylon  
  46  4:55  Probe  
  46  5:05  Probe, Observer (Chrono Boost)  
  49  5:07  Probe  
  49  5:15  Probe  
  49  5:16  Gravitic Drive  
  49  5:19  Probe, Assimilator  
  51  5:23  Disruptor (Chrono Boost)  
  51  5:26  Probe  
  55  5:28  Pylon  
  55  5:31  Probe  
  55  5:32  Protoss Ground Weapons Level 1 (Chrono Boost)  
  56  5:36  Probe  
  57  5:43  Probe  
  57  5:47  Probe  
  59  5:55  Probe  
  60  5:58  Immortal (Chrono Boost), Probe  
  65  6:07  Gateway  
  65  6:09  Gateway  
  65  6:11  Gateway  
  65  6:14  Twilight Council  
  65  6:17  Sentry, Probe  
  67  6:19  Probe  
  69  6:30  Pylon  
  69  6:31  Pylon  
  69  6:35  Immortal (Chrono Boost)  
  73  6:40  Probe  
  74  6:56  Stalker  
  74  7:00  Blink  
  76  7:02  Gateway  
  76  7:03  Gateway  
  75  7:08  Stalker x2  
  75  7:09  Stalker  
  75  7:15  Immortal (Chrono Boost)  
  85  7:19  Pylon  
  85  7:21  Pylon  
  85  7:28  Pylon, Protoss Ground Weapons Level 2 (Chrono Boost)  
  85  7:30  Sentry  
  87  7:46  Stalker x3  
  93  7:52  Immortal  
  93  7:55  Pylon  
  97  8:05  Stalker  
  97  8:11  Nexus  
  99  8:13  Pylon  
  99  8:14  Pylon  
  99  8:32  Stalker x2  
  99  8:33  Stalker, Nexus  
  105  8:36  Pylon  
  105  8:38  Pylon  
  105  8:41  Immortal (Chrono Boost)  
  109  8:50  Stalker  
  109  8:51  Stalker  
  101  9:04  Adept x3  
  101  9:05  Adept  
  108  9:24  Stalker x3  
  108  9:25  Stalker  
  108  9:44  Stalker x2  
  112  9:58  Warp Prism (Chrono Boost)  
  109  10:06  Stalker x4  
  117  10:10  Assimilator  
  117  10:14  Assimilator  
  117  10:16  Templar Archives  
  117  10:23  Stalker x2  
  117  10:27  Pylon  
  121  10:31  Observer (Chrono Boost)  
  122  10:39  Stalker x4  
  130  10:52  High Templar  
  130  10:54  High Templar  
  134  10:58  Archon  
  134  11:08  Adept x4  
  134  11:09  Gateway  
  142  11:11  Gateway  
  115  11:34  Adept  
  115  11:35  Adept x4  
  115  11:38  Stalker x4  
  115  11:39  Stalker x2  
Tags
 
Add a new tag
Caveats
  • Supply blocks, unpowered buildings, or Contaminate may cause inaccurate times.
  • Supply counts are checked every 10 seconds.